[Event "USA Senior-ch TB 2022"]
[Site "Saint Louis"]
[Date "2022.07.19"]
[Round "5.1"]
[White "Christiansen, Larry"]
[Black "Shabalov, Alexander"]
[Result "0-1"]
[ECO "A33"]
[WhiteElo "2577"]
[BlackElo "2510"]
[Annotator "TA"]
[PlyCount "116"]
[EventDate "2022.07.07"]
[EventType "tourn"]
[EventCountry "USA"]
[SourceTitle "playchess.com"]
[Source "ChessBase"]
[SourceQuality "1"]
[TimeControl "180+2"]

1. c4 c5 2. Nf3 Nc6 3. d4 cxd4 4. Nxd4 Nf6 5. Nc3 e6 6. g3 Bc5 7. Nb3 Be7 8. Bg2 O-O 9. O-O b6 {[%emt 0:00:00][%cal Bb7b6,Bb6b5][%mdl 32] A33: Symmetrical English: 2 Nf3 Nf6 3 d4 cxd4 4 Nxd4 e6 5 Nc3 Nc6.} 10. e4 Ba6 11. Nd2 Rc8 {[%emt 0:00:00] [#] White is slightly better.} 12. Re1 $146 (12. b3 $14) ({Predecessor:} 12. b3 Ne5 13. Qe2 d6 14. Bb2 Nc6 15. Rfe1 Nd7 16. Nd5 exd5 17. exd5 Nce5 18. f4 {0-1 (26) Albayrak,A (1901)-Lomsadze,D (2352) Canakkale 2018}) 12... Ne5 $15 13. b3 (13. Nb5 $15) 13... Bb4 14. Qc2 (14. Ndb1 $15) 14... b5 $1 $17 {[%emt 0:00:00][%cal Rb5c4] Black is more active.} 15. a3 Be7 16. Nf3 Nxf3+ 17. Bxf3 bxc4 18. b4 Bb7 19. Bf4 d6 20. Rad1 Qb6 21. Be3 Qa6 22. a4 Nd7 23. b5 ({White should play} 23. a5 $15) 23... Qa5 24. Bd2 Ne5 25. Be2 Qc7 26. Be3 Ba8 (26... Nd3 $1 $19 27. Rf1 Bf6) 27. Bf4 (27. Rc1 $17 {might work better.}) 27... f5 $19 28. Bxe5 dxe5 29. Bf1 f4 30. Bh3 Rf6 31. f3 fxg3 32. hxg3 Rcf8 ({Weaker is} 32... Rxf3 33. Bxe6+ Kh8 34. Kg2 $17) 33. Rf1 Rg6 ({Not} 33... Rxf3 34. Bxe6+ Kh8 35. Rxf3 Rxf3 36. Kg2 $15) 34. Kg2 Bh4 (34... h5 $19 35. Qd2 Bb4) 35. Ne2 $17 Bg5 $1 {[%emt 0:00:00] Against Qd2} 36. Bg4 h6 ({Better is} 36... Be3 $17 37. a5 Qc5) 37. a5 (37. Rd3 $1 $11 {remains equal.}) 37... Be3 ({Don't play} 37... Qxa5 38. Qxc4 Bb7 39. Bxe6+ Kh8 40. Qc5 $16) 38. Qc3 $2 (38. Ra1 $17 {was called for.}) 38... Qc5 $19 {[%emt 0:00:15][%cal Og6g4] ...Rxg4! is the strong threat.} 39. Bh3 Rgf6 40. Bg4 g6 41. Kh2 (41. Bh3 {is a better defense.}) 41... h5 42. Bh3 Kg7 (42... g5 $142 {Hoping for ...g4.} 43. Bg2 g4 44. fxg4 Rxf1 45. Rxf1 Rxf1 46. Bxf1 hxg4) 43. Bg2 g5 44. Rd7+ Kg6 45. b6 axb6 46. axb6 {[%emt 0:00:02] [#]} Bc6 {[%emt 0:00:22] A strong pair of Bishops.} 47. Rc7 Bd4 {[%emt 0:00:03] Really sharp!} 48. Rxc6 Qxc6 49. Nxd4 exd4 50. Qxd4 {[%emt 0:00:02] [#]} h4 (50... e5 $1 $19 {[%cal Re5d4] and Black stays clearly on top.} 51. Qxe5 Qxb6) 51. e5 (51. gxh4 $17 {nothing else works.} Rh8 52. Kg3 gxh4+ 53. Kh2) 51... hxg3+ 52. Kxg3 Rf4 53. Qe3 (53. Qd6 $142 Qxd6 54. exd6) 53... Rb8 54. Rb1 c3 55. Qd3+ Kg7 {[%emt 0:00:02] And now ...Qc4 would win.} 56. Rh1 $2 (56. Rc1 {was worth a try.}) 56... Rf5 57. Rc1 Qa4 58. Qxc3 (58. Qe4 $19 Qxe4 59. fxe4 Rxe5 60. Rxc3) 58... Qh4# {[%emt 0:00:16] Weighted Error Value: White=0.50/Black=0.22 (precise)} 0-1

[Event "USA Senior-ch TB 2022"]
[Site "Saint Louis"]
[Date "2022.07.19"]
[Round "5.2"]
[White "Dlugy, Maxim"]
[Black "Akopian, Vladimir"]
[Result "1/2-1/2"]
[ECO "B07"]
[WhiteElo "2513"]
[BlackElo "2620"]
[Annotator "TA"]
[PlyCount "82"]
[EventDate "2022.07.07"]
[EventType "tourn"]
[EventCountry "USA"]
[SourceTitle "playchess.com"]
[Source "ChessBase"]
[SourceQuality "1"]
[TimeControl "180+2"]

1. d4 Nf6 2. Bf4 g6 3. Nc3 Bg7 4. e4 d6 5. Qd2 Nc6 6. O-O-O {[%emt 0:00:00] B07: Pirc Defence: Miscellaneous Systems.} O-O 7. f3 Nh5 8. Bh6 {[%emt 0:00:00] White is better.} e5 9. Nge2 {[%emt 0:00:00] [#]} (9. Bxg7 {with more complications.} Kxg7 10. Nge2 exd4 11. Nxd4 Kg8 12. Kb1) 9... Nxd4 $146 ({Predecessor:} 9... Bxh6 10. Qxh6 exd4 11. Nxd4 Nxd4 12. Rxd4 Bd7 13. g4 Nf6 14. h4 Qe7 15. h5 Be6 16. Rd2 Kh8 17. Qe3 Kg8 18. Rdh2 Rad8 19. Qh6 c6 20. Bd3 Kh8 21. e5 {1-0 (21) Wei,Y (2728)-Wan,Y (2482) Beijing 2017}) 10. Nxd4 exd4 11. Bxg7 Nxg7 12. Qxd4 Be6 13. Kb1 Qg5 14. g3 Qe5 {[%emt 0:00:00] [#]} (14... Qc5 $14) 15. Qd2 $1 $16 Qa5 16. f4 (16. g4 $16) 16... b5 17. Nd5 Qxd2 18. Nf6+ Kh8 19. Rxd2 b4 20. Bb5 Rab8 21. Ba4 Nh5 22. Nxh5 gxh5 23. Re1 f6 24. Bb3 Bxb3 25. cxb3 $14 {[%emt 0:00:00][%mdl 4096] Endgame KRR-KRR} h4 26. gxh4 Rg8 27. e5 fxe5 28. fxe5 Rbe8 29. e6 Rg6 30. e7 Kg7 31. a3 (31. Rc2 $16) 31... a5 32. Rd5 c5 33. Red1 {[%emt 0:00:02] White is more active.} (33. h5 {keeps more tension.} Rh6 34. Rd2 Rxh5 35. Rxd6 Rxh2 36. Rd5) 33... Rxe7 34. Rxd6 Rxd6 35. Rxd6 $11 {[%emt 0:00:02] KR-KR} Re3 {[%emt 0:00:07] [#]} (35... Re1+ $11 {keeps the balance.} 36. Kc2 Re2+ 37. Rd2 Re4) 36. Ka2 ({White should try} 36. a4 $1 $16) 36... bxa3 {[%emt 0:00:13] The position is equal.} 37. Kxa3 c4 38. Rb6 (38. Rd2 $5 ) 38... Rh3 39. Ka4 cxb3 40. Rxb3 Rxh4+ 41. Kxa5 {[%emt 0:00:02] Hoping for Rg3+.} Rxh2 {[%emt 0:00:02] Weighted Error Value: White=0.14 (very precise) /Black=0.12 (very precise)} 1/2-1/2